 Dungeon Crawl Stone Soup version 0.17.1-2-g5865329 (webtiles) character file.

112 ololoev the Chopper (level 4, -6/35 HPs)
             Began as a Demonspawn Fighter on Feb 16, 2016.
             Mangled by Prince Ribbit (13 damage)
             ... on level 5 of the Dungeon.
             The game lasted 00:02:57 (432 turns).

ololoev the Chopper (Demonspawn Fighter)             Turns: 432, Time: 00:02:57

Health: -6/35      AC: 10    Str: 17    XL:     4   Next: 63%
Magic:  4/4        EV:  6    Int:  9    God:
Gold:   34         SH: 10    Dex: 13    Spells: 0 memorised, 3 levels left

rFire  . . .     SeeInvis .     a - +0 war axe
rCold  . . .     Clarity  .     b - +0 scale mail
rNeg   . . .     SustAt   .     c - +0 shield
rPois  .         Gourm    .     i - +0 helmet
rElec  .         Spirit   .     (no cloak)
rCorr  .         Warding  .     (no gloves)
rMut   .         Stasis   .     (no boots)
MR     .....                    (no amulet)
Stlth  ..........               (no ring)
                                (no ring)

@: not resistant to hostile enchantments, extremely unstealthy
A: large bone plates 1
a: no special abilities


Innate Abilities, Weirdness & Mutations

You are partially covered in large bone plates (AC +2, SH +2).

Inventory:

Hand Weapons
 a - a +0 war axe (weapon)
Armour
 b - a +0 scale mail (worn)
 c - a +0 shield (worn)
 d - a +0 chain mail
 i - a +0 helmet (worn)
Scrolls
 f - 2 scrolls of identify {unknown}
 k - 2 scrolls of blinking {unknown}
 o - a scroll of teleportation {unknown}
 p - a scroll of fear {unknown}
Potions
 h - 2 potions of flight
Comestibles
 e - 3 bread rations
 g - a beef jerky
 l - 2 fruits
 m - a chunk of flesh
 n - a meat ration


   Skills:
 - Level 3.0 Fighting
 * Level 3.7 Axes
 + Level 3.6 Armour
 - Level 2.6 Shields


You had 3 spell levels left.
You didn't know any spells.


You were on level 5 of the Dungeon.
You were not hungry.

You visited 1 branch of the dungeon, and saw 5 of its levels.

You collected 34 gold pieces.

##########
##......... ##
#..#Foo#.###
###..#...5@oo...#
.....(..#######.#
......#.# .#...
#.# .... #.# ..Z
#.# # .#
#.#######.#
#.........#
##.....#.#

Notes
Turn   | Place    | Note
--------------------------------------------------------------
     0 | D:1      | ololoev the Demonspawn Fighter began the quest for the Orb.
     0 | D:1      | Reached XP level 1. HP: 18/18 MP: 1/1
   112 | D:2      | Gained mutation: You are partially covered in large bone plates (AC +2, SH +2). [demonic ancestry]
   112 | D:2      | Reached XP level 2. HP: 24/24 MP: 2/2
   274 | D:4      | Reached XP level 3. HP: 14/29 MP: 3/3
   278 | D:5      | Entered Level 5 of the Dungeon
   332 | D:5      | Reached XP level 4. HP: 7/35 MP: 4/4
   393 | D:5      | Found a sacrificial altar of Ru.
   426 | D:5      | Noticed Prince Ribbit
   432 | D:5      | Mangled by Prince Ribbit

Dungeon Overview and Level Annotations

Branches:
Dungeon (5/15)
 Temple: D:4-7

Altars:
Ru

Annotations:
D:5 Prince Ribbit


Message History

You closely miss the orc. x2
The orc barely misses you. The orc hits you but does no damage.
The teleport trap disappears.
The adder zombie disappears!
The orc wizard hits you but does no damage.
Unknown command.
You hit the orc wizard.
The orc wizard is moderately wounded.
You completely miss the orc. x2
The orc hits you but does no damage.
Unknown command.
Drink which item? (? for menu, Esc to quit)
It was a potion of ambrosia.
You are confused.
You feel invigorated. The shadow imp barely misses you.
The orc hits you but does no damage.
The orc wizard casts a spell.
The orc wizard seems to speed up.
Prince Ribbit hits you but does no damage.
Your shield prevents you from hitting the orc.
Your shield prevents you from hitting the orc wizard.
The orc wizard is moderately wounded.
You closely miss the orc. You miss the shadow imp. You miss Prince Ribbit.
The orc wizard hits you but does no damage.
The orc hits you with a dagger. The shadow imp barely misses you.
The orc hits you but does no damage. Prince Ribbit hits you!
The orc wizard hits you but does no damage.
The shadow imp gestures at you. Pain shoots through your body!
The orc hits you but does no damage.
Unknown command.
You miss Prince Ribbit. You closely miss the orc.
Your shield and scale mail prevent you from hitting the orc wizard.
The orc wizard is moderately wounded.
You hit the orc.
The orc is moderately wounded.
You hit the shadow imp but do no damage.
You feel less invigorated.
You feel less confused. Prince Ribbit hits you!
You block the orc wizard's attack. The orc closely misses you.
Prince Ribbit hits you!
You die...

You could see Prince Ribbit, an orc wizard, a shadow imp and 3 orcs.

Vanquished Creatures
  A hound (D:5)
  A centaur skeleton (D:5)
  2 adders (D:4)
  An ooze (D:5)
  An adder skeleton (D:5)
  4 orcs
  A giant cockroach (D:2)
  A goblin (D:1)
  3 hobgoblins
  3 jackals (D:3)
  A kobold (D:2)
  2 bats
  4 giant newts
  A rat (D:1)
26 creatures vanquished.

Action                   |  1- 3 |  4- 6 || total
-------------------------+-------+-------++-------
Melee: War axe           |    56 |    17 ||    73
  Use: Potion            |       |     3 ||     3

Vault maps used:
D:1:      lightli_arrival_flooded_house, serial_glass, glass_columns_b,
          glass_columns_a, due_unseen_surprise
D:2:      lemuel_crystal_altar, grunt_gozag_statues
D:3:      lemuel_round_altar, first_bread, bloody_trog
D:5:      nicolae_ru_path_of_blood, overflow_temple_1_default,
          gup_sewer_entry_bubbles, basic_altar, amethyst_killhole,
          nrook_mini_vaults, uniq_crazy_yiuf_cottage, uniq_prince_ribbit1
